 Dungeon Crawl Stone Soup version 0.31.0-11-ge490571c62 (webtiles) character file.

Game seed: 13247089016613469142

399 inmateoo the Chopper (level 6, 0/55 HPs)
             Began as a Minotaur Fighter on Feb 2, 2024.
             Slain by Menkaure (17 damage)
             ... on level 4 of the Dungeon.
             The game lasted 00:02:24 (2227 turns).

inmateoo the Chopper (Minotaur Fighter)             Turns: 2227, Time: 00:02:24

Health: 0/55       AC: 11    Str: 21    XL:     6   Next: 53%
Magic:  5/5        EV: 13    Int:  5    God:
Gold:   224        SH:  5    Dex: 11    Spells: 5/5 levels left

rFire   . . .        a - +0 war axe
rCold   . . .        c - +0 buckler
rNeg    . . .        e - +0 chain mail
rPois   .            (helmet restricted)
rElec   .            (no cloak)
rCorr   .            (no gloves)
SInv    .            b - +0 pair of boots
Will    .....        (no amulet) Stlth
                     i - +5 ring of evasion
HPRegen 0.29/turn    (no ring)
MPRegen 0.09/turn

%: no passive effects
@: no status effects
A: horns 2, retaliatory headbutt
a: no special abilities


You were on level 4 of the Dungeon.
You visited 1 branch of the dungeon, and saw 4 of its levels.

You collected 224 gold pieces.

Inventory:

Hand Weapons
 a - a +0 war axe (weapon)
Missiles
 q - 2 throwing nets (quivered)
Armour
 b - a +0 pair of boots (worn)
 c - a +0 buckler (worn)
 e - a +0 chain mail (worn)
Jewellery
 i - a +5 ring of evasion (left hand)
 s - the ring of Kuonahap {^Contam rC- rCorr Int+7}
   (You found it on level 3 of the Dungeon)

   [ring of resist corrosion]

   Int+7:     It affects your intelligence (+7).
   rC-:       It makes you vulnerable to cold.
   ^Contam:   It causes magical contamination when unequipped.
   rCorr:     It protects you from acid and corrosion.
Scrolls
 f - 3 scrolls of teleportation {unknown}
 g - 2 scrolls of amnesia {unknown}
 j - 4 scrolls of identify {unknown}
 l - a scroll of enchant weapon {unknown}
 t - a scroll of vulnerability {unknown}
 u - a scroll of fog {unknown}
Potions
 d - a potion of might
 h - a potion of berserk rage {unknown}
 k - 2 potions of degeneration {unknown}
 m - a potion of brilliance {unknown}
 n - 2 potions of mutation {unknown}
 o - 2 potions of curing {unknown}
 p - 3 potions of enlightenment {unknown}
 r - a potion of invisibility {unknown}
 v - a potion of haste {unknown}


   Skills:
 + Level 4.9 Fighting
 * Level 5.2 Axes
 + Level 4.9 Armour
 + Level 2.7 Dodging
 + Level 4.8 Shields


You had 5 spell levels left.
You didn't know any spells.
Your spell library contained the following spells:

 Spells                   Type           Power      Damage    Failure   Level
 Necrotise                Necr           0%         1d4       99%         1
 Shock                    Conj/Air       0%         1d3       99%         1
 Lesser Beckoning         Tloc           0%         N/A       100%        2
 Gell's Gravitas          Tloc           0%         N/A       100%        3
 Hailstorm                Conj/Ice       0%         3d5       100%        3
 Summon Ice Beast         Ice/Summ       0%         N/A       100%        3
 Swiftness                Air            0%         N/A       100%        3
 Teleport Other           Tloc           0%         N/A       100%        3
 Vampiric Draining        Necr           0%         2d6       100%        3
 Airstrike                Air            0%         2d(0-16)  100%        4
 Martyr's Knell           Necr/Summ      0%         N/A       100%        4
 Curse of Agony           Necr           0%         N/A       100%        5
 Dispersal                Tloc           0%         N/A       100%        6
 Sculpt Simulacrum        Ice/Alch       0%         N/A       100%        6


Dungeon Overview and Level Annotations

Branches:
Dungeon (4/15)
 Temple: D:4-7

Altars:
Dithmenos
Ru
Wu Jian

Annotations:
D:4 Menkaure


Innate Abilities, Weirdness & Mutations

You have a pair of horns on your head.
You reflexively headbutt those who attack you in melee.


Message History

The quokka is heavily wounded.
You hit the kobold. The kobold hits you but does no damage.
The quokka barely misses you. The kobold hits you but does no damage.
There are monsters nearby!
You closely miss the kobold. Your headbutt misses the kobold.
The kobold is severely wounded.
You completely miss the quokka. The quokka barely misses you. x2
You furiously retaliate!
You headbutt the quokka!
You kill the quokka!
The kobold hits you but does no damage.
A kobold is nearby!
You barely miss the kobold. You headbutt the kobold.
You kill the kobold!
There is a large open door here.
Found a blade talisman.
No target in view!
Found 6 stones.
k - 2 amethyst potions (gained 1)
A hound comes into view.
Found a book of Minor Magic.
The hound barks!
Menkaure, Prince of Dust comes into view.
Menkaure shouts!
There are monsters nearby!
There are monsters nearby!
You closely miss the hound. The hound bites you but does no damage.
Menkaure calls on the powers of darkness!
The hound convulses!
Your body is wracked with pain!
The hound bites you but does no damage.
You slash the hound!
You kill the hound!
Menkaure gestures at you while chanting.
Pain shoots through your body!
* * * LOW HITPOINT WARNING * * *
You are too injured to fight recklessly!
You are too injured to fight recklessly!
You are too injured to fight recklessly!
Okay, then.
Menkaure hits you!
You die...

#...###########
#..
#.............#
#..
##............#
#..
#.....%......#
#..
#............#
#..
#............#
#..
#............#
#..
#............#
#..
#.......@M...#
###
#............#
#........(.:.#
#............#
##############


You could see Menkaure.

Vanquished Creatures
  An ogre (D:4)
  A scorpion (D:4)
  A bombardier beetle (D:3)
  2 hounds (D:4)
  7 gnolls (D:2)
  3 adders
  2 dart slugs (D:2)
  A ribbon worm (D:2)
  4 orcs (D:4)
  5 ball pythons
  9 endoplasms
  A giant cockroach (D:1)
  6 goblins
  5 hobgoblins
  2 jackals (D:2)
  3 quokkas
  A bat (D:3)
  2 frilled lizards
  8 kobolds
  3 rats
67 creatures vanquished.

Notes
Turn   | Place    | Note
-------+----------+-------------------------------------------
     0 | D:1      | inmateoo the Minotaur Fighter began the quest for the Orb.
     0 | D:1      | Reached XP level 1. HP: 19/19 MP: 0/0
    11 | D:1      | Found a faded altar of an unknown god.
   216 | D:1      | Reached XP level 2. HP: 27/27 MP: 1/1
   238 | D:1      | Reached skill level 3 in Axes
   719 | D:2      | Reached skill level 1 in Dodging
   719 | D:2      | Reached XP level 3. HP: 25/33 MP: 2/2
   824 | D:2      | Reached XP level 4. HP: 40/40 MP: 3/3
  1100 | D:2      | Reached skill level 4 in Axes
  1348 | D:3      | Found an ornate altar of the Wu Jian Council.
  1463 | D:3      | Reached XP level 5. HP: 47/47 MP: 4/4
  1531 | D:3      | Found a shadowy altar of Dithmenos.
  1612 | D:3      | Found a sacrificial altar of Ru.
  1621 | D:3      | Identified the ring of Kuonahap {^Contam rC- rCorr Int+7}
  1934 | D:4      | Noticed an ogre
  1938 | D:4      | Killed an ogre
  1939 | D:4      | Reached XP level 6. HP: 41/53 MP: 5/5
  1974 | D:4      | Reached skill level 5 in Axes
  2221 | D:4      | Noticed Menkaure
  2227 | D:4      | Slain by Menkaure

Illustrated notes

Levels and vault maps discovered:
D:1:      dpeg_arrival_tiny_a, layout_basic, basic_ecumenical_altar
D:2:      layout_rooms, cheibrodos_gnoll_hut
D:3:      layout_basic, lemuel_tele_altar, mainiacjoe_overflow_tiny_flanked,
          nzn_wu_jian_council_hall, minmay_circle_x
D:4:      layout_basic, kennysheep_generic_room_3, uniq_menkaure

Skill      XL: |  1  2  3  4  5  6 |
---------------+-------------------+-----
Axes           | 3 4 5 |  5.2
Dodging        | 1 2 |  2.7
Fighting       | 4 |  4.9
Shields        | 4 |  4.8
Armour         | 4 |  4.9

Action                     |  1- 3 |  4- 6 || total
---------------------------+-------+-------++-------
  Melee: War axe           |    52 |    63 ||   115
         Headbutt          |     7 |     7 ||    14
 Armour: Chain mail        |    28 |    30 ||    58
         Scale mail        |     3 |       ||     3
  Dodge: Dodged            |    24 |    44 ||    68
  Block: Buckler           |     9 |    16 ||    25
